 Dungeon Sprint DCSS version 0.28.0-43-g3370ac3207 (webtiles) character file.

Game seed: 2264270455693669712

1232 boopmooplesden the Cleaver (level 8, -2/129 HPs)
             Began as a Minotaur Berserker on Mar 17, 2022.
             Was an Elder of Trog.
             Shot with an arrow by a centaur warrior (15 damage)
             ... in the Dungeon (Sprint I: "Red Sonja").
             The game lasted 00:01:08 (1048 turns).

boopmooplesden the Cleaver (Minotaur Berserker)     Turns: 1048, Time: 00:01:09

Health: -2/129     AC:  4    Str: 22    XL:     8   Next: 24%
Magic:  7/7        EV: 14    Int:  4    God:    Trog [****..]
Gold:   416        SH:  0    Dex: 12    Spells: 7/7 levels left

rFire   . . .      SeeInvis .   a - +0 hand axe
rCold   . . .      Faith    .   (no shield)
rNeg    . . .      Spirit   .   j - +0 leather armour
rPois   .          Reflect  .   (helmet restricted)
rElec   .          Harm     .   (no cloak)
rCorr   .          Rampage  .   (no gloves)
Will    .....      NoTele   +   (no boots)
Stlth   ..........              (no amulet)
HPRegen 0.31/turn               (no ring)
MPRegen 0.10/turn               (no ring)

@: berserking, quick
A: horns 2, retaliatory headbutt
a: Renounce Religion, Berserk, Trog's Hand, Brothers in Arms


You were in the Dungeon.
You worshipped Trog.
Trog was greatly pleased with you.
You visited 1 branch You collected 416 gold pieces.

Inventory:

Hand Weapons
 a - a +0 hand axe (weapon)
Armour
 b - a +0 animal skin
 j - a +0 leather armour (worn)
Wands
 i - a wand of iceblast (3)
Scrolls
 h - a scroll of blinking
Potions
 c - a potion of curing
 d - a potion of heal wounds
 e - 2 potions of haste
 f - 2 potions of magic
 g - a potion of berserk rage


   Skills:
 + Level 13.5 Fighting
 + Level 13.9 Axes
 + Level 8.2 Armour
 + Level 6.6 Dodging
 + Level 2.0 Stealth


You had 7 spell levels left.
You didn't know any spells.
Your spell library was empty.

Dungeon Overview and Level Annotations

Branches:
Dungeon (1/1)

Altars:
Cheibriados
Dithmenos
Elyvilon
Fedhas
Gozag
Hepliaklqana
Kikubaaqudgha
Makhleb
Nemelex Xobeh
Okawaru
Qazlal
Ru
Sif Muna
Trog
Uskayaw
Vehumet
Wu Jian
Xom
Yredelemnul
Zin
The Shining One
Jiyva
Lugonu

Shops:
D (


Innate Abilities, Weirdness & Mutations

You have a pair of horns on your head.
You reflexively headbutt those who attack you in melee.


Message History

You feel your anger nearly subside.
You are no longer berserk.
You are exhausted.
You feel yourself slow down.
There is an entrance to Erifih's Antique Weapon Emporium here.
You start resting.
You feel yourself speed up.
You start resting.
You recover from your berserk rage.
You start resting.
HP restored.
You start waiting.
You start waiting.
Done waiting.
There is an open door here.
You see here a yak skeleton.
There is a shimmering blue altar of Sif Muna here.
You open the door. 2 centaur warriors come into view.
The centaur warrior moves out of view. x2
There is an open door here.
You enter the shallow water.
Moving in this stuff is going to be slow.
Found a book of the Tundra.
Found a leather armour.
The centaur warrior shouts! x2
The centaur warrior wields a +0 shortbow.
The centaur warrior shoots an arrow.
The arrow hits you!
The centaur warrior wields a +0 longbow.
The centaur warrior shoots an arrow.
The arrow hits you!
The centaur warrior shoots an arrow.
The arrow hits you!!
The centaur warrior shoots an arrow.
The arrow hits you!!
* * * LOW HITPOINT WARNING * * *
A red film seems to cover your vision as you go berserk!
You feel yourself moving faster!
You feel mighty!
The centaur warrior shoots an arrow.
The arrow hits you!
* * * LOW HITPOINT WARNING * * *
The centaur warrior shoots an arrow.
The arrow hits you!
* * * LOW HITPOINT WARNING * * *
The centaur warrior shoots an arrow.
The arrow hits you!
You die...

########################
.#..'..#..'..#__#..'...#
.)..#.)').#..'..'..#)..#
.#####'#####'#__####)..+
.####..#...#§####§[#####
.#__####..##§#≈§§§c#
.#_____##'#_§§§§@§§+
⌠#_.∩...÷..._#§§§§c#
##_..__##_.#'##+####
#_____###+#.# #######
###


You could see 2 centaur warriors.

Vanquished Creatures
  2 kobold demonologists (D)
  A slime creature (D)
  Sigmund (D)
  A yak (D)
  A floating eye (D)
  An ogre (D)
  A jelly (D)
  Ijyb (D)
9 creatures vanquished.

Notes
Turn   | Place    | Note
-------+----------+-------------------------------------------
     0 | D        | boopmooplesden the Minotaur Berserker began the quest for
                  | the Orb.
     0 | D        | Reached XP level 1. HP: 19/19 MP: 0/0
     1 | D        | Noticed Ijyb
     6 | D        | Killed Ijyb
     7 | D        | Reached skill level 5 in Fighting
     7 | D        | Reached skill level 5 in Axes
     7 | D        | Reached XP level 2. HP: 29/29 MP: 1/1
   152 | D        | Noticed an ogre
   155 | D        | HP: 2/43 [ogre/+0 giant spiked club (25)]
   157 | D        | Killed an ogre
   158 | D        | Reached XP level 3. HP: 3/39 MP: 2/2
   158 | D        | Reached XP level 4. HP: 3/47 MP: 3/3
   442 | D        | Noticed Sigmund
   447 | D        | Killed Sigmund
   447 | D        | Reached ** piety under Trog
   448 | D        | Reached skill level 5 in Armour
   448 | D        | Reached XP level 5. HP: 48/58 MP: 4/4
   657 | D        | Found a burning altar of Makhleb.
   657 | D        | Found a viscous altar of Jiyva.
   657 | D        | Found a shimmering altar of Xom.
   657 | D        | Found a corrupted altar of Lugonu.
   657 | D        | Noticed a slime creature
   663 | D        | Killed a slime creature
   664 | D        | Reached skill level 5 in Dodging
   664 | D        | Reached XP level 6. HP: 68/68 MP: 5/5
   730 | D        | Noticed a kobold demonologist
   732 | D        | Noticed a floating eye
   732 | D        | Noticed a kobold demonologist
   734 | D        | Killed a floating eye
   735 | D        | Reached skill level 1 in Stealth
   735 | D        | Reached XP level 7. HP: 74/74 MP: 6/6
   735 | D        | Noticed an ice devil
   737 | D        | Killed a kobold demonologist
   737 | D        | Reached *** piety under Trog
   740 | D        | Killed a kobold demonologist
   741 | D        | Reached XP level 8. HP: 86/86 MP: 7/7
   752 | D        | Found an ornate altar of the Wu Jian Council.
   752 | D        | Found a shimmering blue altar of Sif Muna.
   754 | D        | Found a radiant altar of Vehumet.
   789 | D        | Found Erifih's Antique Weapon Emporium.
   789 | D        | Found an ancient bone altar of Kikubaaqudgha.
   789 | D        | Found a hazy altar of Hepliaklqana.
   789 | D        | Found a stormy altar of Qazlal.
   789 | D        | Found a hide-covered altar of Uskayaw.
   789 | D        | Found a blossoming altar of Fedhas.
   789 | D        | Found a bloodstained altar of Trog.
   789 | D        | Found an iron altar of Okawaru.
   789 | D        | Found a basalt altar of Yredelemnul.
   789 | D        | Found a glowing golden altar of the Shining One.
   789 | D        | Found a snail-covered altar of Cheibriados.
   789 | D        | Found a sacrificial altar of Ru.
   789 | D        | Found a glowing silver altar of Zin.
   789 | D        | Found a shadowy altar of Dithmenos.
   789 | D        | Found a white marble altar of Elyvilon.
   795 | D        | Reached **** piety under Trog
   796 | D        | Found an opulent altar of Gozag.
   797 | D        | Found a sparkling altar of Nemelex Xobeh.
  1044 | D        | Noticed a centaur warrior
  1044 | D        | Noticed a centaur warrior
  1048 | D        | Shot with an arrow by a centaur warrior

Illustrated notes

Levels and vault maps discovered:
D:        dungeon_sprint_1 [red_sonja_temple_1, red_sonja_temple_small_1]

Skill      XL: |  1  2  3  4  5  6  7  8 |
---------------+-------------------------+-----
Fighting       | 5 7 9 11 13 | 13.5
Axes           | 5 7 9 11 13 | 13.9
Armour         | 3 4 5 6 7 8 |  8.2
Dodging        | 3 4 5 6 |  6.6
Stealth        | 1 2 |  2.0

Action                   |  1- 3 |  4- 6 |  7- 9 || total
-------------------------+-------+-------+-------++-------
Melee: Hand axe          |     8 |     9 |    13 ||    30
       Headbutt          |       |     2 |     5 ||     7
Invok: Berserk           |     2 |     2 |     2 ||     6
Armor: Leather armour    |       |       |     1 ||     1
Dodge: Dodged            |     1 |     3 |     3 ||     7
